 Dungeon Crawl Stone Soup version 0.20.1-1-g8b1a95d (webtiles) character file.

3451 equalderp2856 the Cleaver (level 9, -47/79 HPs)
             Began as a Minotaur Fighter on Aug 11, 2017.
             Annihilated by an enormous slime creature (59 damage)
             ... on level 7 of the Dungeon.
             The game lasted 00:20:43 (7944 turns).

equalderp2856 the Cleaver (Minotaur Fighter)        Turns: 7944, Time: 00:20:44

Health: -47/79     AC: 20    Str: 20    XL:     9   Next: 78%
Magic:  8/8        EV:  8    Int: 10    God:
Gold:   338        SH: 11    Dex: 12    Spells: 7/8 levels left

rFire    + + +     SeeInvis .   a - +0 war axe
rCold    + + .     Gourm    .   c - +0 shield
rNeg     . . .     Faith    .   R - +7 chain mail of the Guild-Master {-Tele rF+++ rC++ Str-2}
rPois    .         Spirit   .   (helmet restricted)
rElec    .         Reflect  .   (no cloak)
rCorr    .         Harm     .   w - +0 pair of gloves
MR       .....     NoTele   +   m - +0 pair of boots
Stlth    ..........             (no amulet)
Regen    0.3/turn               (no ring)
MPRegen  0.2/turn               (no ring)

@: brilliant
A: retaliatory headbutt, horns 2
a: no special abilities


You were on level 7 of the Dungeon.
You were very hungry.

You visited 1 branch of the dungeon, and saw 7 of its levels.

You collected 338 gold pieces.

Inventory:

Hand Weapons
 a - a +0 war axe (weapon)
 v - a +0 hunting sling
 C - a +0 battleaxe
 E - a +0 falchion of pain
Missiles
 B - 19 poisoned needles
Armour
 c - a +0 shield (worn)
 m - a +0 pair of boots (worn)
 u - a +0 leather armour
 w - a +0 pair of gloves (worn)
 F - a +3 leather armour of poison resistance
 Q - a +3 leather armour of poison resistance
 R - the +7 chain mail of the Guild-Master (worn) {-Tele rF+++ rC++ Str-2}
   (You found it on level 5 of the Dungeon)

   It affects your strength (-2).
   It renders you almost immune to fire.
   It greatly protects you from cold.
   It prevents most forms of teleportation.
 S - a +2 robe of magic resistance
Jewellery
 x - an uncursed ring of resist corrosion {unknown}
 y - an uncursed ring of protection from cold {unknown}
 U - a cursed ring of loudness {unknown}
Scrolls
 h - 3 scrolls of remove curse {unknown}
 i - a scroll of fear {unknown}
 k - 5 scrolls of identify {unknown}
 o - a scroll of enchant armour {unknown}
 p - a scroll of fog {unknown}
 q - 2 scrolls of teleportation {unknown}
 z - 3 scrolls of amnesia {unknown}
 M - 2 scrolls of magic mapping {unknown}
 T - a scroll of immolation {unknown}
 W - 2 scrolls of enchant weapon {unknown}
Potions
 d - 2 potions of might
 e - a potion of lignification {unknown}
 j - a potion of cancellation
 l - 4 potions of curing
 r - a potion of degeneration {unknown}
 s - 2 potions of mutation {unknown}
 t - 2 potions of flight
 A - a potion of ambrosia {unknown}
 D - a potion of resistance {unknown}
 L - a potion of brilliance
 X - a potion of heal wounds {unknown}
Books
 b - the Volume of Hexes
   (You found it on level 6 of the Dungeon)

   Spells                             Type                      Level
   a - Confusing Touch                Hexes                        1
   b - Slow                           Hexes                        2
   c - Dazzling Spray                 Conjuration/Hexes            3
   d - Portal Projectile              Hexes/Translocation          3
   e - Metabolic Englaciation         Hexes/Ice                    5
   f - Invisibility                   Hexes                        6
 V - a book of Callings

   Spells                             Type                      Level
   a - Summon Small Mammal            Summoning                    1
   b - Call Imp                       Summoning                    2
   c - Call Canine Familiar           Summoning                    3
   d - Summon Guardian Golem          Hexes/Summoning              3
   e - Summon Lightning Spire         Summoning/Air                4
   f - Summon Ice Beast               Ice/Summoning                4
Comestibles
 f - 6 bread rations
 g - 3 meat rations
 n - 5 royal jellies
 Y - 4 fruits


   Skills:
 + Level 7.2 Fighting
 + Level 10.7 Axes
 + Level 1.2 Throwing
 + Level 8.1 Armour
 + Level 3.5 Dodging
 + Level 0.8 Stealth
 + Level 8.3 Shields


You had 7 spell levels left.
You knew the following spells:

 Your Spells              Type           Power        Failure   Level  Hunger
a - Confusing Touch       Hex            #.....       52%         1    ##.....


Dungeon Overview and Level Annotations

Branches:
Dungeon (7/15)             Temple (0/1) D:6

Altars:
Gozag
Kikubaaqudgha
Nemelex Xobeh
Qazlal
Ru
Trog
Uskayaw
Xom
Yredelemnul
The Shining One

Shops:
D:4 [


Innate Abilities, Weirdness & Mutations

You reflexively headbutt those who attack you in melee.
You have a pair of horns on your head.


Message History

* * * LOW HITPOINT WARNING * * *
Unknown command.
Okay, then.
Okay, then.
You completely miss the orc.
The orc is severely wounded.
You slash the enormous slime creature! The orc hits you but does no damage.
The enormous slime creature hits you!
* * * LOW HITPOINT WARNING * * *
You feel better. The orc barely misses you.
The enormous slime creature hits you.
* * * LOW HITPOINT WARNING * * *
It was a potion of cancellation.
You feel magically purged. The orc hits you but does no damage.
The enormous slime creature closely misses you.
It was a potion of brilliance.
You feel clever all of a sudden. You block the orc's attack.
The enormous slime creature hits you!!!
Ouch! That really hurt!
You die...

#.#.................#
#.# #.#.#
#.#...............#.#
#.# #.#.#
#.).((.......[....#.#
#.# #.#
###..(...........##.#
#.# #.
#..............# ..
#. #..........###.# .
## ###(#######
#.###..## #.#
#J#...... .. #.#
#@#...... #.. #.#
##o#...... ...? #.#
#......... ##.. #.#
#......... ###
#.#########.........
#...J.............#
###########.......#
#.......# #.......#


You could see an enormous slime creature and an orc.

Vanquished Creatures
  Grinder (D:6)
  Menkaure (D:6)
  Edmund (D:4)
  Duvessa (D:4)
  An orc warrior (D:7)
  A sky beast (D:7)
  2 ice beasts (D:5)
  5 ogres
  A centaur (D:7)
  Blork the orc (D:6)
  4 bullfrogs
  Dowan (D:4)
  A jelly (D:7)
  3 scorpions
  3 killer bees (D:7)
  5 wights (D:6)
  3 crimson imps (D:6)
  3 bullfrog skeletons
  2 hounds
  5 orc priests
  A gnoll shaman (D:6)
  Jessica (D:2)
  4 iguanas
  3 orc wizards
  7 worker ants
  A hound skeleton (D:4)
  Robin (D:2)
  7 adders
  4 gnolls
  A shadow imp (D:7)
  An adder zombie (D:6)
  An adder skeleton (D:4)
  4 worms
  3 dart slugs
  5 leopard geckos
  30 orcs
  4 giant cockroaches
  23 goblins
  7 hobgoblins
  10 jackals
  2 quokkas
  9 bats
  6 frilled lizards
  A giant cockroach zombie (D:5)
  A jackal skeleton (D:4)
  8 kobolds
  A leopard gecko skeleton (D:7)
  7 rats
198 creatures vanquished.

Vanquished Creatures (others)
  An orc wizard (D:7)
  A giant cockroach (D:4)
  A jackal (D:4)
  A quokka (D:4)
  A frilled lizard (D:4)
5 creatures vanquished.

Grand Total: 203 creatures vanquished

Notes
Turn   | Place    | Note
-------+----------+-------------------------------------------
     0 | D:1      | equalderp2856 the Minotaur Fighter began the quest for the Orb.
     0 | D:1      | Reached XP level 1. HP: 19/19 MP: 0/0
   136 | D:1      | Reached XP level 2. HP: 27/27 MP: 1/1
   572 | D:2      | Found a hide-covered altar of Uskayaw.
   572 | D:2      | Noticed a hand axe
   572 | D:2      | Noticed a hand axe
   577 | D:2      | Reached XP level 3. HP: 32/33 MP: 2/2
   741 | D:2      | Reached skill level 1 in Dodging
   771 | D:2      | Noticed Jessica
   779 | D:2      | Killed Jessica
   779 | D:2      | Reached XP level 4. HP: 30/40 MP: 3/3
   807 | D:2      | Reached skill level 3 in Axes
   919 | D:2      | Noticed Robin
   956 | D:2      | Killed Robin
  1242 | D:2      | Found a sparkling altar of Nemelex Xobeh.
  1661 | D:3      | Found a stormy altar of Qazlal.
  1667 | D:3      | Reached skill level 4 in Axes
  1667 | D:3      | Reached XP level 5. HP: 41/46 MP: 4/4
  2005 | D:3      | Found a glowing golden altar of the Shining One.
  2110 | D:3      | Found an ancient bone altar of Kikubaaqudgha.
  2449 | D:3      | Reached skill level 5 in Armour
  2795 | D:4      | Noticed Edmund
  2805 | D:4      | Killed Edmund
  2805 | D:4      | Reached skill level 5 in Axes
  2805 | D:4      | Reached skill level 5 in Shields
  2805 | D:4      | Reached XP level 6. HP: 42/53 MP: 5/5
  3399 | D:4      | Reached XP level 7. HP: 55/60 MP: 6/6
  3442 | D:4      | Noticed Dowan
  3451 | D:4      | Noticed Duvessa
  3467 | D:4      | Reached skill level 6 in Axes
  3470 | D:4      | Killed Duvessa
  3470 | D:4      | Reached skill level 5 in Fighting
  3482 | D:4      | Killed Dowan
  3818 | D:4      | Found a sacrificial altar of Ru.
  4261 | D:4      | Reached skill level 7 in Axes
  4278 | D:4      | Found an opulent altar of Gozag.
  4313 | D:4      | Reached XP level 8. HP: 69/69 MP: 7/7
  4320 | D:4      | Found Kojeehon's Armour Shoppe.
  4347 | D:4      | Found a shimmering altar of Xom.
  4681 | D:5      | Entered Level 5 of the Dungeon
  4943 | D:5      | Found a basalt altar of Yredelemnul.
  4985 | D:5      | Reached skill level 8 in Axes
  5292 | D:5      | Got a shimmering chain mail
  5304 | D:5      | Identified the +7 chain mail of the Guild-Master {-Tele rF+++ rC++ Str-2} (You found it on level 5 of the Dungeon)
  5379 | D:6      | Noticed Grinder
  5382 | D:6      | Paralysed by Grinder for 3 turns
  5397 | D:6      | Paralysed by Grinder for 7 turns
  5410 | D:6      | Killed Grinder
  5460 | D:6      | Noticed Menkaure
  5565 | D:5      | Reached skill level 9 in Axes
  5785 | D:6      | Reached XP level 9. HP: 59/75 MP: 8/8
  5790 | D:6      | Reached skill level 1 in Throwing
  5806 | D:6      | Noticed Blork the orc
  5814 | D:6      | Killed Blork the orc
  5970 | D:6      | Identified the Volume of Hexes
  6160 | D:6      | Learned a level 1 spell: Confusing Touch
  6382 | D:6      | Found a staircase to the Ecumenical Temple.
  6615 | D:7      | Reached skill level 10 in Axes
  6691 | D:6      | Killed Menkaure
  7638 | D:7      | Found a bloodstained altar of Trog.
  7944 | D:7      | Annihilated by an enormous slime creature

Skill      XL: |  1  2  3  4  5  6  7  8  9 |
---------------+----------------------------+-----
Armour         | 4 5 6 7 8 |  8.1
Shields        | 4 5 7 8 |  8.3
Fighting       | 4 5 7 |  7.2
Dodging        | 1 2 3 |  3.5
Axes           | 4 5 7 9 10 | 10.7
Throwing       | 1 |  1.2
Stealth        | |  0.8

Action                   |  1- 3 |  4- 6 |  7- 9 || total
-------------------------+-------+-------+-------++-------
Melee: War axe           |    72 |   187 |   368 ||   627
       Headbutt          |     9 |    31 |    73 ||   113
Throw: Stone             |       |       |     9 ||     9
  Use: Potion            |       |     2 |     3 ||     5
  Eat: Chunk             |       |     8 |    14 ||    22
Armor: Scale mail        |    34 |    67 |    43 ||   144
       Plate armour      |       |    34 |       ||    34
       Chain mail        |       |       |   104 ||   104
Dodge: Dodged            |    21 |    54 |    89 ||   164
Block: Shield            |    40 |   101 |   179 ||   320
